 Dungeon Crawl Stone Soup version 0.30-a0-715-gdb4ae3ece1 (webtiles) character file.

Game seed: 11473109641727645069

80 wormed the Stinger (level 4, 0/32 HPs)
             Began as a Gnoll Wanderer on Jan 24, 2023.
             Slain by an orc
             ... wielding a +0 mace
              (4 damage)
             ... on level 4 of the Dungeon.
             The game lasted 00:03:49 (2248 turns).

wormed the Stinger (Gnoll Wanderer)                 Turns: 2248, Time: 00:03:50

Health: 0/32       AC:  4    Str: 12    XL:     4   Next: 39%
Magic:  11/11      EV: 11    Int: 14    God:
Gold:   98         SH:  0    Dex: 10    Spells: 6/13 levels left

rFire   + . .      SeeInvis .    p - +2 whip (venom)
rCold   . . .      Faith    .    (no shield)
rNeg    . . .      Spirit   .    r - +0 leather armour
rPois   .          Reflect  .    (no helmet)
rElec   .          Harm     .    (no cloak)
rCorr   .          Rampage  .    (no gloves)
Will    .....                    j - +0 pair of boots
Stlth   +                        (no amulet)
HPRegen 0.25/turn                e - ring of protection from fire
MPRegen 0.12/turn                (no ring)

@: confused
A: fangs 1, strong nose, distributed training
a: no special abilities


You were on level 4 of the Dungeon.
You visited 1 branch of the dungeon, and saw 4 of its levels.

You collected 98 gold pieces.

Inventory:

Hand Weapons
 i - a +1 whip of pain
 p - a +2 whip of venom (weapon)
Missiles
 o - 11 poisoned darts (quivered)
Armour
 c - a +0 ring mail
 j - a +0 pair of boots (worn)
 r - a +0 leather armour (worn)
Jewellery
 e - a ring of protection from fire (left hand)
Scrolls
 b - a scroll of fog
 g - 2 scrolls of identify
 k - 2 scrolls of poison {unknown}
 n - 3 scrolls of immolation {unknown}
 t - a scroll of amnesia {unknown}
 v - a scroll of fear {unknown}
Potions
 a - a potion of cancellation {unknown}
 d - 2 potions of curing
 f - a potion of attraction {unknown}
 h - a potion of resistance {unknown}
 l - 2 potions of lignification {unknown}
 m - a potion of brilliance {unknown}
 q - a potion of flight {unknown}
 s - a potion of heal wounds {unknown}
 u - a potion of might {unknown}


   Skills:
 + Level 1.2 Fighting
 + Level 1.2 Short Blades
 + Level 1.2 Long Blades
 + Level 1.2 Axes
 + Level 1.2 Maces & Flails
 + Level 1.2 Polearms
 + Level 1.2 Staves
 + Level 1.2 Ranged Weapons
 + Level 1.2 Throwing
 + Level 2.8 Armour
 + Level 1.2 Dodging
 + Level 2.6 Stealth
 + Level 1.2 Shields
 + Level 1.2 Unarmed Combat
 + Level 5.1 Spellcasting
 + Level 1.0 Conjurations
 + Level 1.0 Hexes
 + Level 1.0 Summonings
 + Level 1.0 Necromancy
 + Level 1.0 Translocations
 + Level 5.5 Transmutations
 + Level 1.0 Fire Magic
 + Level 1.0 Ice Magic
 + Level 1.0 Air Magic
 + Level 1.0 Earth Magic
 + Level 5.5 Poison Magic
 + Level 1.3 Invocations
 + Level 1.2 Evocations


You had 6 spell levels left.
You knew the following spells:

 Your Spells              Type           Power      Damage    Failure   Level
a - Sting                 Tmut/Pois      72%        1d6       2%          1
b - Mephitic Cloud        Conj/Pois/Air  10%        N/A       24%         3
c - Ignite Poison         Fire/Tmut/Pois 14%        N/A       13%         3

Your spell library contained the following spells:

 Spells                   Type           Power      Damage    Failure   Level
 Beastly Appendage        Tmut           36%        N/A       2%          1
 Passwall                 Tmut/Erth      10%        N/A       9%          2
 Summon Small Mammal      Summ           24%        N/A       14%         1
 Call Canine Familiar     Summ           6%         N/A       41%         3
 Summon Guardian Golem    Hex/Summ       6%         N/A       41%         3


Dungeon Overview and Level Annotations

Branches:
Dungeon (4/15)
 Temple: D:4-7

Altars:
Nemelex Xobeh


Innate Abilities, Weirdness & Mutations

You have very sharp teeth.
Your uncanny sense of smell can sniff out nearby items.
Your experience applies equally to all skills.


Message History

The orc wizard hits you but does no damage.
You bump into the rock wall.
You completely miss the orc wizard. Your bite misses the orc wizard.
The orc wizard hits you with a +0 dagger.
You're too confused to move!
The orc wizard hits you with a +0 dagger.
Something hits you but does no damage.
You barely miss the orc wizard.
You hear some strange, mumbled words.
A puff of flame appears from out of thin air!
The puff of flame hits something!
The orc wizard casts a spell at you. The magic dart hits you.
Something hits you.
You're too confused to move!
The orc wizard completely misses you. Something hits you.
You closely miss the orc wizard. Something hits you but does no damage.
The orc wizard casts a spell at you. You resist with some effort.
Something hits you.
You miss the orc wizard. Your bite misses the orc wizard.
You feel less confused.
You hear some strange, mumbled words.
A puff of flame appears from out of thin air!
The puff of flame hits you. You resist. The orc wizard misses you.
Something hits you. The orc misses you.
You miss something. Something barely misses you.
The orc wizard hits you with a +0 dagger.
Something hits you but does no damage. The orc hits you with a +0 mace.
* * * LOW HITPOINT WARNING * * *
As you read the scroll labelled XERASI EJAOMAT, it crumbles to dust.
It is a scroll of identify.
d - 2 potions of curing You hear some strange, mumbled words.
You are confused.
The orc wizard points at you and mumbles some strange words.
The puff of flame hits you. You resist.
* * * LOW HITPOINT WARNING * * *
Something hits you.
* * * LOW HITPOINT WARNING * * *
The orc hits you with a +0 mace.
You die...

..++#.... .......# .##
#......+ .. ∆
#......## .. ∆
#.....[.# . .
+....##.#.# ..
###..##.#.#.##+
#####..............
#o@......#.<..#...
#o.{.....#........#
#..)..##.+........#
....##...####........#
..........+ #.....#..#
..........# .#...#....
.......#.#.# #.....#.
# ......###+#.#
#.#.#.#. ...... #.#


You could see an orc wizard and an orc.

Vanquished Creatures
  An adder (D:3)
  2 dart slugs (D:2)
  6 orcs
  6 ball pythons
  An endoplasm (D:3)
  3 giant cockroaches
  4 goblins
  7 hobgoblins
  3 jackals (D:1)
  5 quokkas
  5 bats
  A frilled lizard (D:1)
  5 kobolds
  3 rats
52 creatures vanquished.

Notes
Turn   | Place    | Note
-------+----------+-------------------------------------------
     0 | D:1      | wormed the Gnoll Wanderer began the quest for the Orb.
     0 | D:1      | wormed set off with the following items: a +0 club, a
                  | scroll of fog, a +0 ring mail; and the following spells
                  | available to memorise: Beastly Appendage, Sting, Passwall,
                  | Ignite Poison, Mephitic Cloud.
     0 | D:1      | Reached XP level 1. HP: 13/13 MP: 6/6
   177 | D:1      | Reached XP level 2. HP: 6/19 MP: 7/7
   908 | D:2      | Reached skill level 5 in Spellcasting
   908 | D:2      | Reached XP level 3. HP: 23/25 MP: 7/9
  1272 | D:2      | Reached skill level 1 in Invocations
  1517 | D:2      | Learned a level 3 spell: Ignite Poison
  1521 | D:2      | Learned a level 3 spell: Mephitic Cloud
  1523 | D:2      | Learned a level 1 spell: Sting
  1599 | D:3      | Reached skill level 1 in Fighting
  1599 | D:3      | Reached skill level 1 in Short Blades
  1599 | D:3      | Reached skill level 1 in Long Blades
  1599 | D:3      | Reached skill level 1 in Axes
  1599 | D:3      | Reached skill level 1 in Maces & Flails
  1599 | D:3      | Reached skill level 1 in Polearms
  1599 | D:3      | Reached skill level 1 in Staves
  1599 | D:3      | Reached skill level 1 in Ranged Weapons
  1599 | D:3      | Reached skill level 1 in Throwing
  1599 | D:3      | Reached skill level 1 in Dodging
  1599 | D:3      | Reached skill level 1 in Shields
  1599 | D:3      | Reached skill level 1 in Unarmed Combat
  1599 | D:3      | Reached skill level 1 in Evocations
  1637 | D:3      | Reached XP level 4. HP: 10/32 MP: 0/11
  2092 | D:3      | Found a sparkling altar of Nemelex Xobeh.
  2130 | D:3      | Reached skill level 1 in Conjurations
  2130 | D:3      | Reached skill level 1 in Hexes
  2130 | D:3      | Reached skill level 1 in Summonings
  2130 | D:3      | Reached skill level 1 in Necromancy
  2130 | D:3      | Reached skill level 1 in Translocations
  2130 | D:3      | Reached skill level 1 in Fire Magic
  2130 | D:3      | Reached skill level 1 in Ice Magic
  2130 | D:3      | Reached skill level 1 in Air Magic
  2130 | D:3      | Reached skill level 1 in Earth Magic
  2248 | D:4      | Slain by an orc

Illustrated notes

Levels and vault maps discovered:
D:1:      mrwooster_arrival_arrow, layout_basic, chequers_serial_rivers_large_b,
          minivault_26
D:2:      layout_loops_cross, minmay_misc_feat_x, minmay_tripent
D:3:      layout_basic, nicolae_overflow_crystal_walls
D:4:      kennysheep_goblin_castle, layout_basic, old_standard_altar,
          minmay_temple_entry_ruins, serial_shops, kennysheep_mini,
          corexii_shack, kennysheep_minor_cross,
          hangedman_abyss_or_decor_jellyfish_corner, uniq_blork_the_orc

Skill      XL: |  1  2  3  4 |
---------------+-------------+-----
Spellcasting   | 5 |  5.1
Invocations    | 1 |  1.3
Fighting       | 1 |  1.2
Short Blades   | 1 |  1.2
Long Blades    | 1 |  1.2
Axes           | 1 |  1.2
Maces & Flails | 1 |  1.2
Polearms       | 1 |  1.2
Staves         | 1 |  1.2
Ranged Weapons | 1 |  1.2
Throwing       | 1 |  1.2
Dodging        | 1 |  1.2
Shields        | 1 |  1.2
Unarmed Combat | 1 |  1.2
Evocations     | 1 |  1.2
Conjurations   | 1 |  1.0
Hexes          | 1 |  1.0
Summonings     | 1 |  1.0
Necromancy     | 1 |  1.0
Translocations | 1 |  1.0
Fire Magic     | 1 |  1.0
Ice Magic      | 1 |  1.0
Air Magic      | 1 |  1.0
Earth Magic    | 1 |  1.0
Armour         | |  2.8
Stealth        | |  2.6
Transmutations | |  5.5
Poison Magic   | |  5.5

Action                     |  1- 3 |  4- 6 || total
---------------------------+-------+-------++-------
  Melee: Club              |    70 |       ||    70
         Bite              |    14 |     2 ||    16
         Punch             |     2 |       ||     2
         Whip              |   101 |    25 ||   126
   Cast: Sting             |     9 |       ||     9
    Use: Scroll            |       |     1 ||     1
   Stab: Sleeping          |     2 |     2 ||     4
 Armour: Ring mail         |   102 |     2 ||   104
         Leather armour    |       |     7 ||     7
  Dodge: Dodged            |   132 |    13 ||   145

Table legend: (Time is in decaauts)
 A = Elapsed time spent in this place.
 B = Non-inter-level travel time spent in this place.
 C = Inter-level travel time spent in this place.
 D = Time resting spent in this place.
 E = Time spent auto-exploring this place.
 F = Levels seen in this place.
 G = Mean time per level.
                   A        B        C        D        E       F      G
               +--------+--------+--------+--------+--------+-----+--------+
         Total |   2303 |   2217 |     86 |      0 |   1715 |   4 |  575.8 |
       Dungeon |   2303 |   2217 |     86 |      0 |   1715 |   4 |  575.8 |
               +--------+--------+--------+--------+--------+-----+--------+

Top non-repeatable levels by time:
     D:1: 824 daAuts
     D:2: 753 daAuts
     D:3: 700 daAuts
     D:4: 25 daAuts
